Map: Ice and Chrome LE

Players

MeomaikA - Winner!

  • Race: Zerg Zerg
  • League: Grandmaster
  • Spawn Location: 7:00

piglet

  • Race: Terran Terran
  • League: Grandmaster
  • Spawn Location: 1:00

Event: DreamHack SC2 Masters 2020 Fall

VOD

Have the link to the VOD?

Description

Time

  • Played on: Aug. 26, 2020, 7:39 a.m.
  • Length: 11:38

All games in this series

Show
View Real Time Build Order
Export as new Build Order

MeomaikA Zerg - Winner!

Build Orders: Pool First 

Get SALT Encoding   

  12  0:00  Drone  
  13  0:07  Drone  
  14  0:16  Overlord  
  14  0:23  Drone, Extractor  
  15  0:34  Drone x2  
  17  0:44  Spawning Pool  
  17  0:46  Drone  
  17  1:08  Hatchery  
  17  1:10  Drone  
  17  1:12  Extractor  
  17  1:15  Drone  
  17  1:30  Zergling x4  
  17  1:31  Queen  
  21  1:37  Drone  
  22  1:47  Overlord  
  22  2:07  Drone, Queen  
  25  2:09  Drone  
  26  2:19  Metabolic Boost  
  26  2:20  Drone x2  
  28  2:31  Drone x2  
  30  2:38  Drone x2  
  32  2:48  Drone, Hatchery  
  32  2:51  Drone  
  33  2:53  Drone  
  34  3:00  Drone  
  34  3:01  Drone  
  34  3:04  Overlord  
  36  3:10  Overlord  
  36  3:16  Lair  
  36  3:19  Overlord  
  36  3:22  Extractor  
  36  3:23  Drone  
  36  3:27  Drone x2  
  36  3:28  Drone  
  36  3:32  Drone  
  36  3:34  Drone  
  41  3:35  Drone  
  42  3:42  Drone x3  
  42  3:44  Drone  
  42  3:48  Queen  
  48  3:50  Drone  
  48  3:53  Drone  
  50  3:56  Drone  
  50  3:57  Drone  
  50  3:58  Drone  
  50  4:02  Spore Crawler  
  52  4:03  Drone  
  52  4:07  Evolution Chamber  
  52  4:09  Drone x2  
  55  4:12  Drone x2  
  55  4:15  Hydralisk Den  
  56  4:20  Drone x3  
  56  4:22  Drone x2  
  61  4:25  Zergling x2, Overseer  
  61  4:30  Overseer  
  62  4:32  Overlord  
  62  4:33  Zergling x4  
  62  4:37  Zerg Missile Weapons Level 1  
  64  4:42  Overlord  
  64  4:43  Drone  
  64  4:45  Drone x2, Extractor  
  66  4:51  Extractor  
  65  4:55  Spore Crawler  
  65  4:58  Spore Crawler  
  63  5:00  Overseer  
  63  5:03  Hatchery  
  63  5:04  Drone x6  
  63  5:05  Drone x2  
  63  5:06  Drone  
  72  5:07  Drone  
  72  5:09  Drone  
  72  5:12  Drone  
  74  5:16  Drone x2, Overlord  
  74  5:18  Overlord  
  76  5:23  Infestation Pit  
  76  5:24  Drone x2  
  76  5:26  Overlord  
  77  5:30  Drone  
  77  5:33  Queen  
  77  5:34  Zergling x6  
  77  5:35  Zergling x2  
  83  5:40  Overlord, Zergling x4  
  83  5:42  Muscular Augments  
  84  5:50  Hydralisk x3  
  84  5:53  Queen  
  92  6:02  Drone  
  92  6:03  Drone x6  
  99  6:06  Drone  
  99  6:07  Drone  
  99  6:10  Drone x2  
  103  6:13  Overlord  
  103  6:15  Hydralisk, Spore Crawler  
  103  6:16  Drone  
  105  6:20  Hydralisk  
  105  6:23  Hydralisk  
  105  6:24  Overlord  
  109  6:25  Hydralisk  
  109  6:32  Hive  
  111  6:33  Drone  
  111  6:35  Drone x3  
  111  6:37  Extractor  
  111  6:38  Drone x2, Extractor, Spine Crawler  
  111  6:39  Drone  
  115  6:45  Hydralisk x2, Zerg Missile Weapons Level 2  
  115  6:46  Hydralisk  
  121  6:47  Hydralisk  
  121  6:49  Evolution Chamber  
  121  6:51  Drone x2  
  121  6:52  Drone  
  121  6:53  Grooved Spines  
  125  6:57  Hydralisk  
  127  7:05  Overlord x4  
  127  7:09  Overlord  
  127  7:10  Overlord  
  127  7:14  Hydralisk, Hatchery  
  128  7:20  Overseer  
  125  7:23  Hydralisk x8  
  125  7:26  Drone x2  
  125  7:28  Zerg Ground Armor Level 1  
  143  7:33  Drone x4  
  143  7:34  Drone, Overlord  
  148  7:40  Drone x2  
  148  7:41  Drone x2  
  148  7:42  Drone  
  154  7:44  Drone x2  
  154  7:50  Drone x2, Overlord  
  157  7:52  Extractor  
  157  7:53  Viper x2  
  157  7:54  Drone x2  
  157  7:55  Overlord  
  157  7:56  Drone  
  165  7:58  Spore Crawler  
  165  7:59  Drone x3  
  165  8:01  Spore Crawler  
  165  8:03  Hydralisk x2  
  165  8:04  Drone  
  171  8:05  Extractor  
  171  8:08  Drone, Overlord  
  171  8:09  Overlord  
  171  8:10  Extractor  
  171  8:11  Hydralisk  
  172  8:19  Viper  
  172  8:20  Drone  
  172  8:21  Drone x2  
  172  8:22  Overlord  
  172  8:26  Hydralisk x3  
  184  8:30  Hydralisk x3  
  184  8:32  Zergling x4  
  184  8:33  Zergling x4  
  184  8:34  Hatchery  
  193  8:36  Spore Crawler  
  193  8:39  Hydralisk x2, Spore Crawler  
  195  8:42  Zergling x4  
  195  8:43  Overlord  
  197  9:00  Pneumatized Carapace  
  193  9:11  Hydralisk x6  
  193  9:13  Drone  
  191  9:34  Zergling x48  
  186  9:38  Zergling x4  
  186  9:39  Zergling x2  
  186  9:44  Overseer  
  186  9:45  Hydralisk x4  
  165  9:46  Hydralisk  
  165  9:47  Zergling x2  
  165  9:52  Hydralisk  
  156  9:53  Overlord  
  156  9:55  Hydralisk  
  156  9:56  Hydralisk x2  
  156  9:57  Hydralisk x2  
  156  9:58  Hydralisk x2  
  162  10:03  Extractor  
  162  10:05  Hydralisk x2  
  162  10:06  Hydralisk x4  
  169  10:07  Overseer x2  
  169  10:09  Zergling x4  
  169  10:10  Hydralisk  
  175  10:17  Queen, Hydralisk x3, Spore Crawler  
  175  10:20  Hydralisk x2  
  186  10:24  Viper x2  
  186  10:25  Hydralisk  
  194  10:30  Zergling x4  
  194  10:34  Hydralisk x3  
  193  10:56  Zergling x6  
  171  10:57  Zergling x2  
  171  10:58  Zergling x4  
  171  10:59  Zergling x6  
  171  11:00  Zergling x4  
  171  11:01  Zergling x6  
  171  11:02  Zergling x6  
  171  11:03  Hydralisk x4, Zergling x2  
  163  11:04  Hydralisk  
  163  11:05  Hydralisk x4  
  163  11:06  Hydralisk x2  
  163  11:08  Hydralisk  
  163  11:10  Zergling x4  
  176  11:11  Zergling x2  
  176  11:12  Zergling x4  
  176  11:13  Zergling x2  
  176  11:15  Zergling x2  
  176  11:17  Zergling x2  
  180  11:19  Zergling x6  
  180  11:20  Zergling x2  
Show
View Real Time Build Order
Export as new Build Order

piglet Terran 

Build Orders: Gas First Reaper Expand, Mech, Banshee Rush 

Get SALT Encoding   

  12  0:00  SCV  
  13  0:12  SCV  
  14  0:17  Supply Depot  
  14  0:25  SCV  
  15  0:29  Refinery  
  15  0:38  SCV  
  16  0:44  Barracks  
  16  0:51  SCV  
  17  1:03  SCV  
  18  1:15  SCV  
  19  1:32  Orbital Command, Reaper  
  20  1:44  Command Center  
  20  1:55  Factory  
  20  1:59  SCV  
  21  2:07  Refinery  
  21  2:08  Barracks Reactor  
  21  2:11  SCV  
  22  2:22  Supply Depot  
  22  2:23  SCV  
  22  2:35  SCV  
  23  2:40  Starport  
  23  2:47  SCV  
  23  2:48  Hellion  
  23  2:49  Hellion  
  28  2:54  Barracks Tech Lab  
  28  3:01  Orbital Command  
  28  3:06  SCV  
  29  3:13  Hellion  
  29  3:17  Hellion  
  33  3:24  Banshee  
  36  3:28  SCV  
  37  3:35  Barracks Tech Lab, Cloaking Field  
  37  3:37  SCV  
  37  3:40  SCV  
  39  3:47  Supply Depot  
  39  3:49  SCV  
  39  3:52  SCV  
  41  4:01  SCV  
  42  4:04  Siege Tank, SCV  
  42  4:09  Banshee  
  48  4:10  Marine  
  48  4:11  Marine  
  48  4:13  SCV  
  48  4:14  Supply Depot  
  48  4:16  SCV  
  52  4:25  SCV  
  52  4:30  Command Center  
  53  4:32  SCV  
  53  4:35  Refinery  
  54  4:41  SCV  
  54  4:42  Supply Depot  
  54  4:43  Refinery  
  54  4:44  SCV  
  56  4:53  SCV  
  56  4:54  Factory  
  56  4:56  SCV  
  58  5:05  SCV  
  58  5:06  Engineering Bay  
  59  5:07  Supply Depot  
  59  5:08  Factory, SCV  
  60  5:15  Starport Reactor  
  60  5:17  SCV  
  60  5:20  SCV  
  62  5:28  Armory x2  
  62  5:29  SCV  
  62  5:32  SCV  
  64  5:41  SCV  
  64  5:42  Siege Tank  
  68  5:44  Orbital Command  
  68  5:49  Supply Depot  
  68  5:52  Siege Tank, SCV  
  68  5:53  SCV  
  73  6:05  Hellion  
  73  6:06  Hellion  
  73  6:10  Orbital Command  
  77  6:14  SCV x2  
  77  6:17  Siege Tank  
  82  6:22  Terran Vehicle Weapons Level 1  
  82  6:23  Terran Vehicle And Ship Armor Level 1  
  82  6:25  Siege Tank  
  85  6:29  Hellion, SCV x2  
  85  6:30  Refinery  
  89  6:33  Refinery  
  89  6:35  Supply Depot  
  90  6:40  SCV  
  90  6:41  SCV x2  
  90  6:44  Infernal Pre-Igniter  
  92  6:49  Supply Depot  
  92  6:52  SCV  
  92  6:53  SCV  
  92  6:54  SCV  
  95  6:55  Supply Depot x2  
  95  7:02  Siege Tank x2  
  95  7:04  SCV  
  95  7:06  SCV x2  
  104  7:09  Supply Depot  
  104  7:15  Factory  
  104  7:16  SCV  
  104  7:18  Factory, SCV x2  
  107  7:25  Barracks Tech Lab, Hellion x2  
  107  7:26  Starport Reactor  
  107  7:28  SCV  
  112  7:30  SCV x2  
  112  7:36  Sensor Tower  
  114  7:39  Hellion, Siege Tank  
  114  7:40  SCV  
  120  7:46  Hellion  
  120  7:56  Command Center  
  120  7:58  Smart Servos, Hellion  
  122  7:59  Hellion  
  122  8:00  Siege Tank  
  122  8:03  Supply Depot  
  125  8:09  Thor  
  131  8:13  SCV x2  
  131  8:14  SCV, Supply Depot, Thor  
  131  8:16  Hellion x5  
  140  8:20  Supply Depot  
  140  8:25  Hellion x2  
  144  8:30  Terran Vehicle Weapons Level 2  
  144  8:31  Terran Vehicle And Ship Armor Level 2  
  144  8:35  Supply Depot  
  144  8:36  Hellion x2  
  144  8:40  Siege Tank  
  151  8:45  Viking x2  
  151  8:46  Hellion  
  157  8:52  SCV x3  
  157  8:53  Supply Depot  
  157  8:54  Supply Depot  
  160  8:58  Thor  
  160  9:01  Refinery  
  166  9:03  Hellion, Refinery  
  166  9:04  SCV  
  166  9:07  Hellion  
  165  9:18  Hellion, Thor  
  165  9:22  Thor  
  165  9:23  Hellion  
  181  9:25  Hellion x2  
  181  9:28  Hellion  
  146  9:40  Hellion  
  146  9:42  Hellion  
  146  9:44  Hellion  
  128  9:46  Hellion  
  128  9:48  SCV x2  
  128  9:49  SCV  
  128  9:50  Hellion  
  118  10:00  SCV  
  118  10:01  Hellion x2  
  118  10:02  SCV  
  118  10:03  Hellion  
  118  10:05  Hellion  
  118  10:06  Hellion  
  130  10:07  Hellion  
  130  10:11  Hellion  
  130  10:12  Planetary Fortress  
  132  10:22  Siege Tank  
  132  10:23  Factory x2, Hellion  
  132  10:24  Siege Tank  
  132  10:26  Siege Tank  
  132  10:27  Hellion  
  145  10:30  Hellion  
  145  10:34  SCV  
  145  10:39  Hellion  
  147  10:46  Hellion  
  147  10:54  Siege Tank  
  147  10:56  Siege Tank  
  135  10:58  Siege Tank  
  135  10:59  Hellion  
  135  11:01  Hellion  
  135  11:04  Hellion  
  98  11:12  SCV x2  
  98  11:13  SCV  
  98  11:14  SCV  
  100  11:24  SCV  
  100  11:25  Factory Tech Lab x2, SCV x2  

Tags
 
Add a new tag
Caveats
  • Supply blocks, unpowered buildings, or Contaminate may cause inaccurate times.
  • Supply counts are checked every 10 seconds.